 Dungeon Crawl Stone Soup version bcrawl-1.21 (webtiles) character file.

Game seed: 3404267964739863350

135363 Foic the Wrestler (level 16, -19/149 HPs)
             Began as a Troll Martial Artist on Feb 16, 2020.
             Was the Champion of Wu Jian.
             Demolished by a phantasmal warrior (26 damage)
             ... summoned by a vampire mage
             ... while paralysed
             ... on level 2 of the Vaults.
             The game lasted 01:41:01 (20174 turns).

Foic the Wrestler (Troll Martial Artist)           Turns: 20174, Time: 01:41:01

Health: -19/149    AC: 15    Str: 31    XL:     16   Next: 64%
Magic:  16/16      EV:  1    Int:  6    God:    Wu Jian [******]
Gold:   3360       SH:  0    Dex: 19    Spells: 16/17 levels left

rFire    + + .     SeeInvis .     - Unarmed
rCold    + + .     Gourm    +   (no shield)
rNeg     + . .     Faith    .   (armour unavailable)
rPois    +         Spirit   .   w - -2 hat of the Alchemist {rElec rPois rF+ rC+ rN+ MR+ rMut rCorr}
rElec    +         Reflect  .   l - +1 cloak
rCorr    +         Harm     .   (gloves unavailable)
rMut     +                      (boots unavailable)
MR       .....                  O - amulet of the acrobat
Stlth    +++++.....             u - +2 ring of protection
HPRegen  1.14/turn              L - ring "Pazozohu" {rF+ MR- Str+5 Dex+4 Stlth+}
MPRegen  0.15/turn

@: paralysed, about to teleport, vulnerable, fainting, slowed
A: large, almost no armour, unfitting armour, claws 3, slimy green scales 1,
cold resistance 1, fast metabolism 3, gourmand, regeneration 2, electricity
resistance, AC +11
a: Wall Jump, Serpent's Lash, Heavenly Storm, Renounce Religion


You were on level 2 of the Vaults.
You worshipped Wu Jian.
Wu Jian was exalted by your worship.
You were fainting.

You visited 5 branches of the dungeon, and saw 22 of its levels.
You also visited: Ossuary and Ice Cave.

You collected 3490 gold pieces.
You spent 130 gold pieces at shops.

Inventory:

Hand Weapons
 b - a +6 scythe of flaming
Missiles
 d - 193 javelins (quivered)
 m - 3404 stones
 J - a throwing net {!f}
Armour
 l - a +1 cloak (worn)
 w - the -2 hat of the Alchemist (worn) {rElec rPois rF+ rC+ rN+ MR+ rMut rCorr}
   (You found it on level 4 of the Dungeon)

   It protects you from fire.
   It protects you from cold.
   It insulates you from electricity.
   It protects you from poison.
   It protects you from negative energy.
   It affects your resistance to hostile enchantments.
   It provides partial protection from all sources of acid and corrosion.
   It protects you from mutation.
Jewellery
 u - a +2 ring of protection (left claw)
 x - an uncursed amulet of rage
 A - an uncursed ring of insulation
 D - an uncursed ring of magical power
 F - a cursed ring of teleportation
 H - an uncursed ring of poison resistance
 K - a cursed ring of attention
 L - the ring "Pazozohu" (right claw) {rF+ MR- Str+5 Dex+4 Stlth+}
   (You found it in an ice cave)

   [ring of protection from fire]

   It affects your strength (+5).
   It affects your dexterity (+4).
   It protects you from fire.
   It affects your resistance to hostile enchantments.
   It makes you more stealthy.
 M - an uncursed ring of positive energy
 O - an amulet of the acrobat (around neck)
 P - an uncursed ring of protection from cold
 S - an uncursed ring of wizardry
 T - an uncursed ring of protection from cold
 U - the ring "Heraini" {Fire +Blink rElec MR- MP+9}
   (You bought it in a shop in the Orcish Mines)

   [ring of fire]

   It enhances your fire magic.
   It protects you from fire.
   It makes you vulnerable to cold.
   It insulates you from electricity.
   It affects your resistance to hostile enchantments.
   It affects your magic capacity (+9).
   It lets you blink.
 V - an uncursed ring of protection from fire
Wands
 i - a wand of random effects (6)
 o - a wand of clouds (11)
 s - a wand of flame (75)
 E - a wand of enslavement (9)
 Q - a wand of digging (8)
Scrolls
 c - 8 scrolls of identify
 g - 10 scrolls of remove curse
 h - 7 scrolls of teleportation
 n - 3 scrolls of enchant weapon
 p - 2 scrolls of magic mapping {unknown}
 r - 3 scrolls of fear
 z - 4 scrolls of enchant armour
 C - 6 scrolls of blinking
 I - 5 scrolls of fog
Potions
 a - a potion of agility
 f - 3 potions of brilliance
 j - 6 potions of haste
 k - 2 potions of curing
 q - 5 potions of heal wounds
 t - a potion of flight
 v - 2 potions of mutation
 N - 3 potions of might
Comestibles
 e - 32 rations {!d}
 B - 3 chunks of flesh


   Skills:
 + Level 7.2 Fighting
 + Level 3.3 Polearms
 + Level 10.8 Dodging
 + Level 6.7 Stealth
 + Level 22.4 Unarmed Combat
 + Level 1.0 Spellcasting
 + Level 1.0 Hexes


You had 16 spell levels left.
You knew the following spells:

 Your Spells              Type           Power        Failure   Level  Hunger
a - Confusing Touch       Hex            #.......     30%         1    ##.....

Your spell library contained the following spells:

 Spells                   Type           Power        Failure   Level  Hunger
 Corona                   Hex            #......      30%         1    ##.....
 Animate Skeleton         Necr           N/A          41%         1    ##.....
 Pain                     Necr           #.....       41%         1    ##.....
 Ensorcelled Hibernation  Hex/Ice        #.....       50%         2    ###....
 Confuse                  Hex            #.......     65%         3    ####...
 Tukima's Dance           Hex            #.......     65%         3    ####...
 Dazzling Spray           Conj/Hex       #.....       73%         3    ####...
 Ozocubu's Armour         Chrm/Ice       #.......     80%         3    ####...
 Regeneration             Chrm/Necr      #.........   80%         3    ####...
 Vampiric Draining        Necr           #.........   80%         3    ####...
 Animate Dead             Necr           N/A          99%         4    #####..
 Bolt of Draining         Conj/Necr      #.........   100%        5    ######.
 Metabolic Englaciation   Hex/Ice        #.........   100%        5    ######.
 Ozocubu's Refrigeration  Ice            #.........   100%        6    #######
 Simulacrum               Ice/Necr       #.........   100%        6    #######


Dungeon Overview and Level Annotations

Branches:
Dungeon (12/12)            Temple (1/1) D:7            Lair (6/6) D:9
 Shoals (0/3) Lair:2       Spider (0/3) Lair:4        Slime (0/5) Lair:5
    Orc (1/1) D:9             Elf (0/3) Orc          Vaults (2/3) D:12
  Crypt (0/2) Vaults:2     Depths (0/5) D:12

Altars:
Ashenzari
Cheibriados
Dithmenos
Elyvilon
Fedhas
Gozag
Hepliaklqana
Kikubaaqudgha
Lugonu
Makhleb
Nemelex Xobeh
Okawaru
Qazlal
Ru
Sif Muna
Trog
Uskayaw
Vehumet
Wu Jian
Xom
Yredelemnul
Zin
The Shining One
Jiyva

Shops:
Orc }}*[[   Vaults:1 [

Annotations:
D:9 2 transporters, yrara's ghost, journeyman GrFi
Lair:1 3 runed translucent doors, HoboStank's ghost, novice MiCK
Lair:3 exclusion: oklob plant


Innate Abilities, Weirdness & Mutations

You cannot wear most types of armour.
Your thick skin is tough. (AC +11)
You are too large for most types of armour.
You have claws for hands.
Your flesh is cold resistant. (rC+)
Your metabolism is lightning-fast.
You like to eat raw meat.
You heal very quickly.
You are partially covered in slimy green scales. (AC +2)
You are resistant to electric shocks. (rElec)


Message History

You mangle the skeletal warrior!!
The skeletal warrior is almost destroyed.
You spin and attack the phantasmal warrior repeatedly.
You mangle the phantasmal warrior!!
The phantasmal warrior is heavily damaged.
You mangle the phantasmal warrior!!
You destroy the phantasmal warrior!
You spin and attack the mummy repeatedly.
You eviscerate the mummy!!!
You destroy the mummy!
You spin and attack the phantasmal warrior repeatedly.
You mangle the phantasmal warrior!!
The phantasmal warrior is heavily damaged.
You scratch the phantasmal warrior but do no damage.
The phantasmal warrior is heavily damaged.
You lose consciousness!
The skeletal warrior hits you with a +0 trident!
* * * LOW HITPOINT WARNING * * *
The phantasmal warrior hits you!!
You die...

#####
#...#
##...##
#..W..#
+.z>W.#
#.@.W{#
##.WW##
#...#
#####


You could see a skeletal warrior, a phantasmal warrior, a freezing wraith, 2
hungry ghosts and a wraith.

Vanquished Creatures
  Kirke (Lair:5)
  An orc warlord (Vaults:1)
  3 vault wardens (Vaults:1)
  5 ironheart preservers (Vaults:1)
  2 very ugly things (Vaults:1)
  An ettin (D:12)
  2 deep elf death magi (Vaults:2)
  3 ice dragons
  A yaktaur captain (Vaults:1)
  4 catoblepae
  8 hydras
  11 two-headed ogres
  3 centaur warriors
  An anaconda (Lair:6)
  5 ogre magi
  14 death yaks (Lair:6)
  2 tengu warriors (D:12)
  6 orc high priests (Orc)
  A deep troll (D:12)
  An unseen horror (Vaults:1)
  3 cyclopes (Vaults:1)
  2 deep elf archers (Vaults:1)
  6 orc knights
  4 ironbrand convokers (Vaults:1)
  3 necromancers
  5 deep elf magi
  12 harpies (Vaults:1)
  5 ugly things
  2 orc sorcerers
  4 slime creatures (Vaults:1)
  4 manticores
  23 elephants
  2 ice statues (IceCv)
  2 merfolk sirens (Lair:2)
  4 black mambas
  9 cane toads
  A gargoyle (D:12)
  2 vault sentinels
  4 centaur skeletons
  A human zombie (Vaults:1)
  7 rime drakes
  6 komodo dragons
  11 yaktaurs (Vaults:1)
  3 trolls
  2 tengu conjurers (D:12)
  A hornet (D:5)
  4 polar bears
  5 jumping spiders (Lair:4)
  2 merfolk (Lair:2)
  21 blink frogs
  An ice dragon zombie (Vaults:1)
  10 dream sheep
  8 hippogriffs
  5 redbacks (Lair:4)
  A centaur simulacrum (D:11)
  Sigmund (D:2)
  2 wraiths
  A vampire (D:11)
  2 wyverns
  3 basilisks
  56 yaks
  3 hungry ghosts
  An elf skeleton (Vaults:1)
  An ogre zombie (Vaults:1)
  A warg (D:12)
  An acid dragon (D:10)
  12 water moccasins
  7 crocodiles
  An ogre skeleton (Vaults:1)
  A soldier ant (D:10)
  2 hell hounds (Lair:1)
  12 porcupines
  34 orc warriors
  2 black bears
  18 ice beasts
  A necrophage (D:8)
  5 phantoms
  A sky beast (D:8)
  19 ogres
  15 wolves
  An eye of draining (D:9)
  5 centaurs
  3 big kobolds
  12 bullfrogs
  A wyvern skeleton (D:7)
  6 scorpions
  7 killer bees
  4 electric eels
  5 howler monkeys
  7 crimson imps
  A bullfrog zombie (D:7)
  4 centaur zombies (Ossuary)
  27 orc priests
  3 yaktaur simulacra (Vaults:1)
  A gnoll shaman (D:4)
  2 hounds
  2 jellies
  18 orc wizards
  An iguana (D:8)
  6 worker ants
  3 big kobold zombies (Ossuary)
  A hound skeleton (D:9)
  5 mummies
  A worker ant zombie (D:5)
  11 adders
  6 gnolls
  3 shadow imps
  3 oozes
  An adder zombie (D:5)
  2 worms
  5 dart slugs
  6 leopard geckos
  63 orcs
  6 bats
  2 giant cockroaches
  5 goblins
  4 hobgoblins
  4 jackals
  5 quokkas
  2 frilled lizards
  3 hobgoblin zombies (Ossuary)
  23 kobolds
  2 kobold zombies (D:5)
  A leopard gecko skeleton (D:4)
  A leopard gecko zombie (D:5)
  2 quokka skeletons (D:4)
  3 rats (D:1)
  A plant (Lair:4)
752 creatures vanquished.

Vanquished Creatures (others)
  2 humans (Lair:6)
  A dream sheep (Lair:6)
  24 fungi
  14 plants
41 creatures vanquished.

Grand Total: 793 creatures vanquished

Notes
Turn   | Place    | Note
-------+----------+-------------------------------------------
     0 | D:1      | Foic the Troll Martial Artist began the quest for the Orb.
     0 | D:1      | Reached XP level 1. HP: 22/22 MP: 1/1
    73 | D:1      | Reached XP level 2. HP: 26/29 MP: 2/2
   285 | D:1      | Reached XP level 3. HP: 29/36 MP: 3/3
   344 | D:1      | Reached ** piety under Wu Jian
  1088 | D:2      | Reached skill level 5 in Unarmed Combat
  1088 | D:2      | Gained mutation: Your natural rate of healing is unusually
                  | fast. [Troll growth]
  1088 | D:2      | Reached XP level 4. HP: 44/44 MP: 4/4
  1128 | D:2      | Noticed Sigmund
  1219 | D:2      | Killed Sigmund
  1219 | D:2      | Reached skill level 1 in Stealth
  1219 | D:2      | Reached skill level 6 in Unarmed Combat
  1219 | D:2      | Reached XP level 5. HP: 7/50 MP: 5/5
  1682 | D:3      | Found a faded altar of an unknown god.
  1794 | D:3      | Found a sacrificial altar of Ru.
  1796 | D:3      | Found a burning altar of Makhleb.
  1796 | D:3      | Found a shattered altar of Ashenzari.
  1799 | D:3      | Found a sparkling altar of Nemelex Xobeh.
  1799 | D:3      | Found a shimmering altar of Xom.
  1799 | D:3      | Found a snail-covered altar of Cheibriados.
  1991 | D:3      | Noticed an ice beast
  1997 | D:3      | Killed an ice beast
  1997 | D:3      | Reached XP level 6. HP: 59/59 MP: 6/6
  2170 | D:4      | Found a burning altar of Makhleb.
  2381 | D:4      | Noticed a hungry ghost
  2401 | D:4      | Killed a hungry ghost
  2431 | D:4      | Reached skill level 7 in Unarmed Combat
  2431 | D:4      | Reached XP level 7. HP: 52/66 MP: 7/7
  2453 | D:4      | Found a radiant altar of Vehumet.
  2473 | D:4      | Found the +8 mithril axe "Arga" {speed, MR+}
  2497 | D:4      | Reached *** piety under Wu Jian
  2698 | D:4      | Found the -2 hat of the Alchemist {rElec rPois rF+ rC+ rN+
                  | MR+ rMut rCorr}
  2769 | D:4      | Reached skill level 8 in Unarmed Combat
  2916 | D:5      | Entered Level 5 of the Dungeon
  2943 | D:5      | Gained mutation: You are resistant to electric shocks.
                  | (rElec) [potion of mutation]
  2943 | D:5      | Gained mutation: You are partially covered in slimy green
                  | scales. (AC +2) [potion of mutation]
  2989 | D:5      | Reached XP level 8. HP: 75/75 MP: 8/8
  3157 | D:5      | Noticed a hornet
  3167 | D:5      | Killed a hornet
  3167 | D:5      | Reached skill level 9 in Unarmed Combat
  3207 | D:5      | Found a sand-covered staircase.
  3211 | Ossuary  | Entered an ossuary
  3664 | D:6      | Reached skill level 10 in Unarmed Combat
  3694 | D:6      | Reached **** piety under Wu Jian
  3700 | D:6      | Reached XP level 9. HP: 75/81 MP: 9/9
  3991 | D:6      | Identified the Reference Book on the Frostbite
  4148 | D:7      | Noticed a two-headed ogre
  4166 | D:6      | Killed a two-headed ogre
  4166 | D:6      | Reached skill level 5 in Dodging
  4166 | D:6      | Reached skill level 11 in Unarmed Combat
  4333 | D:7      | Found an ornate altar of the Wu Jian Council.
  4585 | D:7      | Reached skill level 12 in Unarmed Combat
  4613 | D:7      | Found a staircase to the Ecumenical Temple.
  4630 | Temple   | Entered the Ecumenical Temple
  5317 | D:8      | Reached XP level 10. HP: 84/91 MP: 10/10
  5335 | D:8      | Reached ***** piety under Wu Jian
  5335 | D:8      | Noticed a two-headed ogre
  5341 | D:8      | Killed a two-headed ogre
  6056 | D:9      | Reached skill level 13 in Unarmed Combat
  6138 | D:9      | Noticed a centaur warrior
  6139 | D:9      | Found a transporter.
  6139 | D:9      | Noticed yrara's ghost (journeyman GrFi)
  6281 | D:9      | Noticed a two-headed ogre
  6286 | D:9      | Killed a centaur warrior
  6318 | D:9      | Killed a two-headed ogre
  6356 | D:9      | Reached skill level 14 in Unarmed Combat
  6356 | D:9      | Reached XP level 11. HP: 67/99 MP: 11/11
  6429 | D:9      | Found a transporter.
  6599 | D:9      | Found a staircase to the Orcish Mines.
  6734 | D:9      | Found a staircase to the Lair.
  6895 | Lair:1   | Entered Level 1 of the Lair of Beasts
  7354 | Lair:1   | Reached skill level 15 in Unarmed Combat
  7478 | Lair:1   | Found a runed translucent gate.
  7481 | Lair:1   | Found a runed translucent gate.
  7481 | Lair:1   | Found a runed translucent gate.
  7481 | Lair:1   | Noticed HoboStank's ghost (novice MiCK)
  8045 | Lair:2   | Gained mutation: You heal very quickly. [Troll growth]
  8045 | Lair:2   | Reached XP level 12. HP: 71/109 MP: 12/12
  8154 | Lair:2   | Found a staircase to the Shoals.
  8201 | Lair:2   | Reached skill level 16 in Unarmed Combat
  8269 | Lair:2   | Reached ****** piety under Wu Jian
  8332 | Lair:2   | Found a gate leading to a gauntlet.
  9099 | Lair:3   | Reached skill level 17 in Unarmed Combat
  9569 | Lair:3   | Reached skill level 5 in Fighting
  9569 | Lair:3   | Reached XP level 13. HP: 118/118 MP: 13/13
  9681 | Lair:3   | Found a blossoming altar of Fedhas.
 10645 | Lair:4   | Found a frozen archway.
 10665 | Lair:4   | Reached skill level 1 in Polearms
 10695 | IceCv    | Entered an ice cave
 10802 | IceCv    | Reached skill level 5 in Stealth
 10931 | IceCv    | Reached skill level 18 in Unarmed Combat
 11012 | IceCv    | Got a wavering brass ring
 11013 | IceCv    | Identified the ring "Pazozohu" {rF+ MR- Str+5 Dex+4 Stlth+}
                  | (You found it in an ice cave)
 11495 | Lair:4   | Found a hole to the Spider Nest.
 12665 | Lair:5   | Found a runed door.
 12665 | Lair:5   | Found a viscous altar of Jiyva.
 12665 | Lair:5   | Found a staircase to the Slime Pits.
 13055 | Lair:5   | Reached XP level 14. HP: 128/128 MP: 14/14
 13233 | Lair:6   | Entered Level 6 of the Lair of Beasts
 13461 | Lair:6   | Noticed Kirke
 13515 | Lair:5   | Killed Kirke
 13620 | Lair:6   | Reached skill level 19 in Unarmed Combat
 14790 | Orc      | Entered the Orcish Mines
 14790 | Orc      | Found Paneh's Armour Emporium.
 14790 | Orc      | Found a bloodstained altar of Trog.
 14798 | D:9      | Reached skill level 20 in Unarmed Combat
 14945 | Orc      | Found a staircase to the Elven Halls.
 15608 | Orc      | Reached XP level 15. HP: 137/137 MP: 15/15
 15988 | Orc      | Found Pear's Gadget Shop.
 15989 | Orc      | Found Dibiohacro's Assorted Antiques.
 15989 | Orc      | Found Ruhemn's Gadget Boutique.
 15990 | Orc      | Found Jahugofi's Armour Shop.
 16002 | Orc      | Bought a steaming turquoise ring for 130 gold pieces
 16003 | Orc      | Identified the ring "Heraini" {Fire +Blink rElec MR- MP+9}
                  | (You bought it in a shop in the Orcish Mines)
 16269 | D:10     | Entered Level 10 of the Dungeon
 17595 | D:12     | Entered Level 12 of the Dungeon
 17788 | D:12     | Reached skill level 10 in Dodging
 17807 | D:12     | Found a gate to the Vaults.
 17818 | D:12     | Reached skill level 21 in Unarmed Combat
 18121 | D:12     | Found a staircase to the Depths.
 18441 | Vaults:1 | Entered Level 1 of the Vaults
 18447 | Vaults:1 | Noticed a vault warden
 18454 | Vaults:1 | Noticed a vault warden
 18459 | Vaults:1 | Killed a vault warden
 18469 | Vaults:1 | Killed a vault warden
 18471 | Vaults:1 | Noticed a vault warden
 18476 | Vaults:1 | Killed a vault warden
 18753 | Vaults:1 | Gained mutation: Your flesh is cold resistant. (rC+) [Troll
                  | growth]
 18753 | Vaults:1 | Reached XP level 16. HP: 149/149 MP: 16/16
 18830 | Vaults:1 | Paralysed by an ogre mage for 3 turns
 19412 | Vaults:1 | Reached skill level 22 in Unarmed Combat
 19539 | Vaults:1 | Paralysed by an ogre mage for 4 turns
 19804 | Vaults:1 | Found Heysosm's Armour Emporium.
 20160 | Vaults:2 | Found a staircase to the Crypt.
 20174 | Vaults:2 | Paralysed by fainting for 9 turns
 20174 | Vaults:2 | HP: 7/149 [skeletal warrior/+0 trident (8)]
 20174 | Vaults:2 | Demolished by a phantasmal warrior

Skill      XL: |  1  2  3  4  5  6  7  8  9 10 11 12 13 14 15 16 |
---------------+-------------------------------------------------+-----
Unarmed Combat | 5 6 7 8 10 12 14 15 17 18 20 21 22 | 22.4
Dodging        | 3 4 5 6 7 8 9 10 | 10.8
Stealth        | 1 2 3 4 5 6 |  6.7
Fighting       | 3 4 5 6 7 |  7.2
Polearms       | 2 3 |  3.3
Spellcasting   | |  1.0
Hexes          | |  1.0

Action                   |  1- 3 |  4- 6 |  7- 9 | 10-12 | 13-15 | 16-18 || total
-------------------------+-------+-------+-------+-------+-------+-------++-------
Melee: Unarmed           |    92 |    83 |   264 |   552 |  1108 |   246 ||  2345
       Punch             |     1 |     3 |    20 |    43 |   157 |    29 ||   253
       Scythe            |       |       |       |       |    34 |       ||    34
Invok: Lunge             |    17 |    11 |    20 |    34 |    78 |    12 ||   172
       Whirlwind         |     3 |     4 |    54 |   113 |   204 |    43 ||   421
       Heavenly Storm    |       |       |       |       |     3 |       ||     3
 Abil: Serpent's Lash    |       |     3 |     1 |     1 |       |       ||     5
       Wall Jump         |       |       |       |       |     4 |       ||     4
  Use: Scroll            |     1 |       |     4 |     6 |    14 |     1 ||    26
       Potion            |       |       |     7 |     2 |     7 |       ||    16
 Stab: Sleeping          |     5 |     2 |     5 |    11 |    24 |     7 ||    54
       Distracted        |       |       |     2 |     1 |     5 |       ||     8
       Petrifying        |       |       |       |       |     1 |       ||     1
  Eat: Chunk             |    12 |     6 |    19 |    36 |    58 |     9 ||   140
Armor: Skin              |    37 |    21 |    46 |   101 |   248 |    56 ||   509
Dodge: Dodged            |    45 |    22 |    96 |   210 |   699 |   254 ||  1326
